 Dungeon Crawl Stone Soup version 0.24-a0-434-gd57e52fea8 (webtiles) character file.

Game seed: 10076497471775595746

81492 Arthanis the Scorcher (level 15, -1/80 HPs)
             Began as a Deep Elf Fire Elementalist on June 15, 2019.
             Was the Champion of Vehumet.
             Killed from afar by an ice dragon (81 damage)
             ... with a blast of cold
             ... on level 5 of the Lair of Beasts.
             The game lasted 01:29:23 (18571 turns).

Arthanis the Scorcher (Deep Elf Fire Elementalist) Turns: 18571, Time: 01:29:24

Health: -1/80      AC: 15    Str:  8    XL:     15   Next: 26%
Magic:  25/36      EV: 15    Int: 40    God:    Vehumet [******]
Gold:   263        SH:  7    Dex: 10    Spells: 4/45 levels left

rFire    . . .     SeeInvis +   G - +7 scimitar (flame)
rCold    x . .     Gourm    .   K - +3 buckler
rNeg     . . .     Faith    .   N - +0 leather armour "Ehuerrup" {rC- Int+8 Dex-3 SInv}
rPois    .         Spirit   .   n - +1 helmet
rElec    .         Reflect  .   i - +0 cloak of the Lotus Blossom {Int+5 Dex-2}
rCorr    .         Harm     .   r - +2 pair of gloves {Str+3}
MR       +....                  M - +2 pair of boots {run}
Stlth    ++........             A - amulet of magic regeneration
HPRegen  0.23/turn              v - ring of wizardry
MPRegen  0.50/turn              W - +3 ring of protection

@: quick
A: no striking features
a: Renounce Religion


You were on level 5 of the Lair of Beasts.
You worshipped Vehumet.
Vehumet was exalted by your worship.
You were not hungry.

You visited 3 branches of the dungeon, and saw 22 of its levels.
You also visited: Bailey, Gauntlet and Volcano.

You collected 2420 gold pieces.
You spent 2157 gold pieces at shops.

Inventory:

Hand Weapons
 G - a +7 scimitar of flaming (weapon)
Missiles
 Z - 2 throwing nets (quivered)
Armour
 i - the +0 cloak of the Lotus Blossom (worn) {Int+5 Dex-2}
   (You bought it in a shop on level 2 of the Orcish Mines)

   It affects your intelligence (+5).
   It affects your dexterity (-2).
 l - the cursed +1 troll leather armour of Lesser Demons {rPois MR+ Regen+}
   (You found it in a Gauntlet)

   It protects you from poison.
   It affects your resistance to hostile enchantments.
   It increases your rate of regeneration.
   It has a curse placed upon it.
 n - a +1 helmet (worn)
 r - a +2 pair of gloves of strength (worn)
 K - a +3 buckler (worn)
 M - a +2 pair of boots of running (worn)
 N - the +0 leather armour "Ehuerrup" (worn) {rC- Int+8 Dex-3 SInv}
   (You bought it in a shop on level 2 of the Orcish Mines)

   It affects your intelligence (+8).
   It affects your dexterity (-3).
   It makes you vulnerable to cold.
   It lets you see invisible.
Magical Staves
 w - an uncursed staff of poison
 Y - an uncursed staff of air
Jewellery
 p - an uncursed amulet of regeneration
 v - a ring of wizardry (left hand)
 A - an amulet of magic regeneration (around neck)
 W - a +3 ring of protection (right hand)
Wands
 f - a wand of polymorph (6)
 u - a wand of digging (15)
 y - a wand of flame (100)
 Q - a wand of disintegration (9)
 T - a wand of acid (11)
Scrolls
 e - a scroll of identify
 h - 4 scrolls of fog
 j - 7 scrolls of remove curse
 k - 2 scrolls of vulnerability
 s - 8 scrolls of teleportation
 t - 2 scrolls of amnesia
 x - 3 scrolls of magic mapping
 J - a scroll of silence
 O - 2 scrolls of blinking
 S - 4 scrolls of fear
Potions
 a - 2 potions of berserk rage
 b - a potion of invisibility
 g - 5 potions of haste
 z - 9 potions of heal wounds
 B - 3 potions of ambrosia
 C - 12 potions of curing
 D - 3 potions of cancellation
 E - 4 potions of flight
 F - 2 potions of mutation
 L - a potion of magic
 P - 2 potions of might
 U - 2 potions of brilliance
 X - a potion of lignification
Miscellaneous
 m - a lamp of fire
 q - a lightning rod (4/4)
Comestibles
 c - 37 rations
 d - a chunk of flesh


   Skills:
 - Level 4.0 Fighting
 + Level 9.4 Dodging
 - Level 3.0 Stealth
 - Level 4.1 Shields
 + Level 15.9 Spellcasting
 + Level 15.2 Conjurations
 * Level 16.1 Fire Magic
 - Level 2.1 Ice Magic
 + Level 8.1 Evocations


You had 4 spell levels left.
You knew the following spells:

 Your Spells              Type           Power        Failure   Level  Hunger
a - Flame Tongue          Conj/Fire      #####        0%          1    None
b - Conjure Flame         Conj/Fire      ########     0%          3    None
c - Sticky Flame          Conj/Fire      ########     0%          4    None
d - Fireball              Conj/Fire      ########..   1%          5    None
e - Magic Dart            Conj           ####         0%          1    None
f - Mephitic Cloud        Conj/Pois/Air  ######..     1%          3    None
g - Bolt of Magma         Conj/Fire/Erth #######...   1%          5    None
h - Freezing Cloud        Conj/Ice/Air   ######....   2%          6    None
i - Iskenderun's Battles  Conj/Chrm      #######.     1%          5    None
j - Orb of Destruction    Conj           ########..   1%          7    ###....
k - Shock                 Conj/Air       ####         1%          1    None

Your spell library contained the following spells:

 Spells                   Type           Power        Failure   Level  Hunger
 Bolt of Fire             Conj/Fire      ########..   1%          6    None
 Throw Flame              Conj/Fire      ######       0%          2    None
 Sandblast                Erth           ####..       1%          1    None
 Sting                    Conj/Pois      ####         1%          1    None
 Summon Butterflies       Summ           ####....     1%          1    None
 Passwall                 Tmut/Erth      ####....     1%          2    None
 Poisonous Vapours        Pois/Air       ####..       1%          2    None
 Swiftness                Chrm/Air       ####....     1%          2    None
 Call Canine Familiar     Summ           ####....     1%          3    None
 Inner Flame              Hex/Fire       #######.     1%          3    None
 Static Discharge         Conj/Air       #######.     1%          3    None
 Stone Arrow              Conj/Erth      ######       1%          3    None
 Airstrike                Air            ####......   1%          4    None
 Olgreb's Toxic Radiance  Pois           ####....     1%          4    None
 Summon Ice Beast         Ice/Summ       #####...     3%          4    None
 Petrify                  Tmut/Erth      ####....     6%          4    None
 Lightning Bolt           Conj/Air       #######...   1%          5    None
 Venom Bolt               Conj/Pois      #######...   1%          5    None
 Lee's Rapid Deconstruct  Erth           ####......   4%          5    None
 Summon Mana Viper        Hex/Summ       ####....     16%         5    None
 Summon Hydra             Summ           ####......   99%         7    ###....


Dungeon Overview and Level Annotations

Branches:
Dungeon (15/15)            Temple (0/1) D:7            Lair (5/6) D:11
 Shoals (0/4) Lair:2        Snake (0/4) Lair:2          Orc (2/2) D:10
    Elf (0/3) Orc:2        Vaults (0/5) D:14         Depths (0/5) D:15
  Slime: Lair:5-6

Altars:
Ashenzari
Cheibriados
Dithmenos
Elyvilon
Gozag
Makhleb
Nemelex Xobeh
Okawaru
Qazlal
Ru
Trog
Vehumet
Yredelemnul
The Shining One
Beogh

Shops:
D:10 !   D:13 (   Orc:2 *?[[

Annotations:
D:5 1 runed translucent door, Ijustatesigmund's ghost, amateur OgFi
D:8 1 runed translucent door, aaksess's ghost, novice VSNe
D:15 2 transporters, Wadopua's ghost, journeyman VSFi


Message History

Press: ? - help, Shift-Dir - straight line, f - ice dragon
Aim: an ice dragon The fireball explodes!
The fireball engulfs the ice dragon.
The ice dragon is burned terribly!
The ice dragon is lightly wounded.
You hear an angry hiss.
Your battlesphere fires!
The barrage of energy hits the ice dragon!
The ice dragon is lightly wounded.
Casting: Fireball (safe; 1% risk of failure)
Confirm with . or Enter, or press ? or * to list all spells.
Aiming: Orb of Destruction (safe; 1% risk of failure)
Press: ? - help, Shift-Dir - straight line, f/p - ice dragon
Aim: an ice dragon (lightly wounded)
The orb of destruction hits the ice dragon!!!
The ice dragon is almost dead.
The ice dragon breathes frost at you. The blast of cold hits you!!!!
You feel a terrible chill!
Ouch! That really hurt!
You die...

.. ..##...... .##./ #..#..P.
.#.. #..#.# #..# ##..# #...###
##..##.. .# #.Dā—‹.####...#..
.. #.. #...ā—‹......##.##
.##..## #..*......#?..# .
#.#.....#....##.@.....##...##..
..............###'''###........
...............................
..(............................
ā€
..............................
..................>............
.P#.......<................P...
.##...........>........#..##P..
*#.#....#.P..........###### P.


You could see an ice dragon and a friendly battlesphere.

Vanquished Creatures
  Saint Roka (Orc:2)
  A fire giant (D:15)
  An orc warlord (Bailey)
  A minotaur (Gauntlet)
  Josephine (Orc:2)
  Harold (D:9)
  An ice dragon (D:14)
  A fire dragon (Volcano)
  A vault guard (D:14)
  2 hydras
  Erica (D:8)
  5 two-headed ogres
  A death knight (D:13)
  4 tengu warriors
  An orc high priest (Orc:2)
  A skeletal warrior (D:13)
  5 unseen horrors
  A deep troll (D:14)
  13 orc knights
  3 wizards (D:14)
  A phantasmal warrior (D:13)
  A lindwurm (Volcano)
  A harpy (shapeshifter) (D:15)
  An orange crystal statue (Gauntlet)
  2 necromancers (D:14)
  A wolf spider zombie (D:15)
  3 ugly things
  An orc sorcerer (Orc:1)
  6 cyclopes
  2 deep elf magi
  3 manticores
  Joseph (Lair:1)
  Maurice (D:10)
  Psyche (D:9)
  7 spiny frogs
  A gargoyle (D:11)
  2 molten gargoyles (Volcano)
  A kobold demonologist (D:13)
  5 centaur skeletons
  2 freezing wraiths (D:13)
  4 komodo dragons
  An efreet (D:15)
  A hornet (D:14)
  3 meliai (D:14)
  7 trolls
  Prince Ribbit (D:8)
  Grinder (D:4)
  4 blink frogs (Lair:3)
  A meliai zombie (D:14)
  A hippogriff (D:6)
  11 shadows
  A basilisk (Lair:4)
  37 yaks
  6 wraiths
  5 wyverns
  9 fire bats (Volcano)
  19 humans (D:14)
  A steam dragon (Volcano)
  Grum (D:10)
  Menkaure (D:5)
  8 vampire mosquitoes (D:13)
  2 wargs (Orc:2)
  2 nagas (Lair:2)
  3 acid dragons
  Duvessa (D:4)
  3 hell hounds
  5 water moccasins
  2 sky beasts
  3 porcupines
  57 orc warriors
  3 black bears
  8 ice beasts
  9 ogres
  2 phantoms
  12 centaurs
  15 wolves
  11 crocodiles
  2 big kobolds
  A gnoll sergeant (D:5)
  13 bullfrogs
  Dowan (D:4)
  A spiny frog simulacrum (Lair:5)
  5 scorpions
  13 killer bees
  4 howler monkeys
  9 wights
  8 crimson imps
  4 centaur zombies
  3 lava snakes (Volcano)
  3 bullfrog zombies
  A quasit (D:7)
  10 hounds
  3 jellies
  A bullfrog skeleton (D:6)
  11 orc priests
  6 iguanas
  31 orc wizards
  14 worker ants
  2 hound zombies
  Robin (D:2)
  19 gnolls
  A howler monkey skeleton (D:7)
  22 adders
  7 shadow imps
  An ooze (D:7)
  An adder zombie (D:5)
  5 worms
  3 dart slugs
  7 leopard geckos
  115 orcs
  A ball python (D:2)
  5 giant cockroaches
  33 goblins
  28 hobgoblins
  19 jackals
  12 kobolds
  7 quokkas
  6 bats
  5 frilled lizards
  A quokka skeleton (D:6)
  4 rats
  4 withered plants (Gauntlet)
803 creatures vanquished.

Vanquished Creatures (others)
  Natasha (D:1)
  11 fungi
  12 plants
  4 toadstools (D:1)
28 creatures vanquished.

Grand Total: 831 creatures vanquished

Notes
Turn   | Place    | Note
-------+----------+-------------------------------------------
     0 | D:1      | Arthanis the Deep Elf Fire Elementalist began the quest for
                  | the Orb.
     0 | D:1      | Reached XP level 1. HP: 10/10 MP: 6/6
   148 | D:1      | Reached XP level 2. HP: 15/15 MP: 1/8
   797 | D:2      | Reached XP level 3. HP: 17/19 MP: 4/9
   802 | D:2      | Learned a level 3 spell: Conjure Flame
   822 | D:2      | Noticed Robin
   858 | D:2      | Killed Robin
   858 | D:2      | Reached skill level 4 in Fire Magic
  1084 | D:2      | Reached XP level 4. HP: 19/24 MP: 5/11
  1090 | D:2      | Learned a level 4 spell: Sticky Flame
  1145 | D:2      | Noticed Natasha
  1181 | D:1      | Killed Natasha
  1530 | D:2      | Reached XP level 5. HP: 28/28 MP: 10/13
  1933 | D:3      | Reached skill level 5 in Fire Magic
  2346 | D:3      | Found a radiant altar of Vehumet.
  2346 | D:3      | Found a burning altar of Makhleb.
  2352 | D:3      | Became a worshipper of Vehumet
  2714 | D:4      | Noticed Duvessa
  2714 | D:4      | Noticed Dowan
  2722 | D:4      | Killed Duvessa
  2722 | D:4      | Reached XP level 6. HP: 31/32 MP: 3/15
  2805 | D:4      | HP: 1/32 [Dowan/shard of ice (12)]
  2807 | D:4      | Killed Dowan
  2922 | D:4      | Reached skill level 5 in Spellcasting
  2930 | D:4      | Reached skill level 5 in Conjurations
  2930 | D:4      | Reached skill level 6 in Fire Magic
  3013 | D:4      | Reached XP level 7. HP: 36/36 MP: 11/16
  3025 | D:4      | Found a white marble altar of Elyvilon.
  3032 | D:4      | Learned a level 5 spell: Fireball
  3084 | D:4      | Noticed Grinder
  3087 | D:4      | Paralysed by Grinder for 3 turns
  3092 | D:4      | Killed Grinder
  3267 | D:4      | Reached * piety under Vehumet
  3267 | D:4      | Offered knowledge of Magic Dart by Vehumet.
  3275 | D:4      | Learned a level 1 spell: Magic Dart
  3304 | D:4      | Found a stormy altar of Qazlal.
  3473 | D:5      | Entered Level 5 of the Dungeon
  3480 | D:5      | Reached skill level 7 in Fire Magic
  3495 | D:5      | Found a runed translucent door.
  3495 | D:5      | Noticed Ijustatesigmund's ghost (amateur OgFi)
  3589 | D:5      | Reached XP level 8. HP: 41/41 MP: 9/19
  3590 | D:5      | Reached skill level 1 in Evocations
  3705 | D:5      | Found an opulent altar of Gozag.
  3831 | D:5      | Noticed Menkaure
  3833 | D:5      | Killed Menkaure
  4202 | D:6      | Reached skill level 8 in Fire Magic
  4284 | D:6      | Reached ** piety under Vehumet
  4287 | D:6      | Offered knowledge of Throw Frost by Vehumet.
  4406 | D:6      | Found a snail-covered altar of Cheibriados.
  4475 | D:6      | Found a shadowy altar of Dithmenos.
  4597 | D:6      | Reached XP level 9. HP: 45/45 MP: 14/22
  4687 | D:7      | Offered knowledge of Mephitic Cloud by Vehumet.
  4747 | D:7      | Reached skill level 9 in Fire Magic
  4813 | D:6      | Reached *** piety under Vehumet
  4822 | D:6      | Learned a level 3 spell: Mephitic Cloud
  5009 | D:7      | Found a glowing golden altar of the Shining One.
  5092 | D:7      | Offered knowledge of Fulminant Prism by Vehumet.
  5124 | D:7      | Found a staircase to the Ecumenical Temple.
  5248 | D:7      | Reached skill level 10 in Fire Magic
  5564 | D:8      | Found a bloodstained altar of Trog.
  5605 | D:8      | Noticed Erica
  5626 | D:8      | Killed Erica
  5626 | D:8      | Reached skill level 10 in Conjurations
  5626 | D:8      | Reached XP level 10. HP: 25/50 MP: 3/25
  5669 | D:8      | Reached **** piety under Vehumet
  5727 | D:8      | Offered knowledge of Bolt of Magma by Vehumet.
  5735 | D:8      | Learned a level 5 spell: Bolt of Magma
  5852 | D:8      | Found a runed translucent door.
  5856 | D:8      | Noticed aaksess's ghost (novice VSNe)
  5857 | D:8      | Identified the +6 spear of the Lamprey {speed, Stlth+}
  5882 | D:8      | Noticed Prince Ribbit
  5892 | D:8      | Killed Prince Ribbit
  6091 | D:8      | Found a shattered altar of Ashenzari.
  6094 | D:8      | Found a sparkling altar of Nemelex Xobeh.
  6097 | D:8      | Found a basalt altar of Yredelemnul.
  6415 | D:9      | Found a flagged portal.
  6419 | D:9      | Noticed Psyche
  6425 | D:9      | Killed Psyche
  6425 | D:9      | Reached skill level 11 in Fire Magic
  6447 | D:9      | Noticed Harold
  6571 | D:9      | Killed Harold
  6611 | Bailey   | Entered a bailey
  6769 | Bailey   | Noticed an orc knight
  6774 | Bailey   | Reached ***** piety under Vehumet
  6774 | Bailey   | Offered knowledge of Freezing Cloud by Vehumet.
  6774 | Bailey   | Reached skill level 10 in Spellcasting
  6780 | Bailey   | Killed an orc knight
  6806 | Bailey   | Noticed an orc knight
  6851 | Bailey   | Killed an orc knight
  6959 | Bailey   | Noticed an orc knight
  6962 | Bailey   | Killed an orc knight
  6962 | Bailey   | Reached XP level 11. HP: 54/54 MP: 13/27
  6966 | Bailey   | Noticed an orc knight
  6981 | Bailey   | Killed an orc knight
  6981 | Bailey   | Reached skill level 12 in Fire Magic
  7035 | Bailey   | Noticed an orc knight
  7038 | Bailey   | Noticed an orc knight
  7042 | Bailey   | Killed an orc knight
  7045 | Bailey   | Killed an orc knight
  7084 | Bailey   | Noticed an orc knight
  7093 | Bailey   | Killed an orc knight
  7108 | Bailey   | Noticed an orc warlord
  7242 | Bailey   | Killed an orc warlord
  7564 | D:9      | Learned a level 6 spell: Freezing Cloud
  7728 | D:9      | Reached skill level 1 in Fighting
  7924 | D:9      | Identified 2 scrolls of acquirement
  7939 | D:9      | Identified a +2 pair of boots of running (You acquired it
                  | on level 9 of the Dungeon)
  8008 | D:9      | Found a sacrificial altar of Ru.
  8034 | D:10     | Entered Level 10 of the Dungeon
  8034 | D:10     | Found a staircase to the Orcish Mines.
  8034 | D:10     | Noticed Grum
  8114 | D:10     | Got a pair of crude boots
  8129 | D:10     | Identified the -5 pair of boots of Sieriune {rF+} (You
                  | acquired it on level 10 of the Dungeon)
  8147 | D:10     | Killed Grum
  8288 | D:10     | Learned a level 1 spell: Shock
  8290 | D:10     | Noticed an unseen horror
  8291 | D:10     | Killed an unseen horror
  8434 | D:10     | Noticed Maurice
  8437 | D:10     | Killed Maurice
  8471 | D:10     | Found Unlaer's Distillery.
  8503 | D:10     | Bought a potion of flight for 45 gold pieces
  8503 | D:10     | Bought a potion of brilliance for 60 gold pieces
  8503 | D:10     | Bought a potion of curing for 45 gold pieces
  8503 | D:10     | Bought a potion of curing for 45 gold pieces
  8503 | D:10     | Bought a potion of curing for 45 gold pieces
  8503 | D:10     | Bought a potion of curing for 45 gold pieces
  8503 | D:10     | Bought a potion of curing for 45 gold pieces
  8503 | D:10     | Bought a potion of curing for 45 gold pieces
  8503 | D:10     | Bought 2 potions of curing for 90 gold pieces
  8503 | D:10     | Bought a potion of heal wounds for 75 gold pieces
  8744 | D:11     | Reached skill level 13 in Fire Magic
  8924 | D:11     | Reached XP level 12. HP: 46/62 MP: 18/29
  8930 | D:11     | Noticed a tengu warrior
  8940 | D:11     | Offered knowledge of Throw Icicle by Vehumet.
  8946 | D:11     | Killed a tengu warrior
  8955 | D:11     | Noticed a two-headed ogre
  8958 | D:11     | Killed a two-headed ogre
  9089 | D:11     | Noticed a two-headed ogre
  9091 | D:11     | Killed a two-headed ogre
  9119 | D:11     | Reached skill level 5 in Dodging
  9135 | D:11     | Reached skill level 1 in Ice Magic
  9387 | D:11     | Found a staircase to the Lair.
  9619 | D:12     | Reached skill level 5 in Evocations
  9806 | D:12     | Reached skill level 1 in Shields
 10532 | D:13     | Found Fukykhug's Weapon Shoppe.
 10630 | D:13     | Offered knowledge of Orb of Destruction by Vehumet.
 10701 | D:13     | Noticed a death knight
 10704 | D:13     | Killed a death knight
 10716 | D:13     | Learned a level 7 spell: Orb of Destruction
 10904 | D:13     | Reached XP level 13. HP: 66/66 MP: 19/31
 11715 | D:14     | Reached skill level 14 in Fire Magic
 11728 | D:14     | Found a shadowy altar of Dithmenos.
 11981 | D:14     | Identified the +3 leather armour of the Special Souls {MR+
                  | Dex+4 SInv}
 12355 | D:14     | Offered knowledge of Iskenderun's Battlesphere by Vehumet.
 12458 | D:14     | Found a gate to the Vaults.
 12822 | D:15     | Entered Level 15 of the Dungeon
 13159 | D:15     | Reached XP level 14. HP: 39/72 MP: 16/34
 13268 | D:15     | Learned a level 5 spell: Iskenderun's Battlesphere
 13376 | D:15     | Noticed a fire giant
 13386 | D:15     | Killed a fire giant
 13386 | D:15     | Reached skill level 15 in Spellcasting
 13403 | D:15     | Found a staircase to the Depths.
 13471 | D:15     | Found a transporter.
 13471 | D:15     | Identified the +3 great mace of Disaster {freeze, Str+3}
 13471 | D:15     | Noticed a frost giant
 13473 | D:15     | Noticed Wadopua's ghost (journeyman VSFi)
 13475 | D:15     | Found a transporter.
 13973 | Orc:1    | Entered Level 1 of the Orcish Mines
 14132 | Orc:1    | Found a roughly hewn altar of Beogh.
 14450 | Orc:2    | Entered Level 2 of the Orcish Mines
 14482 | Orc:2    | Reached skill level 15 in Fire Magic
 14613 | Orc:2    | Noticed Josephine
 14623 | Orc:2    | Killed Josephine
 14735 | Orc:2    | Reached ****** piety under Vehumet
 14886 | Orc:2    | Found a staircase to the Elven Halls.
 14914 | Orc:2    | Offered knowledge of Poison Arrow by Vehumet.
 15062 | Orc:2    | Noticed Saint Roka
 15563 | Orc:2    | Killed Saint Roka
 15585 | Orc:2    | Found Olonif's Antique Armour Shoppe.
 15585 | Orc:2    | Found Fiagiuf's Magic Scroll Shop.
 15587 | Orc:2    | Found Poliat's General Store.
 15589 | Orc:2    | Found Jikoday's Armour Emporium.
 15594 | Orc:2    | Bought a +2 pair of gloves of strength for 322 gold pieces
 15608 | Orc:2    | Bought a spiked cloak for 285 gold pieces
 15608 | Orc:2    | Bought a transparent leather armour for 210 gold pieces
 15609 | Orc:2    | Bought a scroll of identify for 32 gold pieces
 15609 | Orc:2    | Bought a scroll of identify for 32 gold pieces
 15609 | Orc:2    | Bought a scroll of identify for 32 gold pieces
 15609 | Orc:2    | Bought a scroll of magic mapping for 56 gold pieces
 15609 | Orc:2    | Bought a scroll of identify for 32 gold pieces
 15609 | Orc:2    | Bought a scroll of fog for 32 gold pieces
 15609 | Orc:2    | Bought a scroll of vulnerability for 120 gold pieces
 15609 | Orc:2    | Bought a scroll of identify for 32 gold pieces
 15613 | Orc:2    | Bought an uncursed staff of air for 300 gold pieces
 15613 | Orc:2    | Bought a scroll of identify for 24 gold pieces
 15613 | Orc:2    | Bought a scroll of identify for 24 gold pieces
 15613 | Orc:2    | Bought a scroll of identify for 24 gold pieces
 15613 | Orc:2    | Bought a potion of berserk rage for 60 gold pieces
 15626 | Orc:2    | Identified the cursed +0 leather armour "Ehuerrup" {rC-
                  | Int+8 Dex-3 SInv} (You bought it in a shop on level 2 of
                  | the Orcish Mines)
 15627 | Orc:2    | Identified the +0 cloak of the Lotus Blossom {Int+5 Dex-2}
                  | (You bought it in a shop on level 2 of the Orcish Mines)
 15946 | Lair:1   | Entered Level 1 of the Lair of Beasts
 16145 | Lair:1   | Found an iron altar of Okawaru.
 16285 | Lair:1   | Noticed Joseph
 16293 | Lair:1   | Killed Joseph
 16480 | Lair:1   | Reached skill level 15 in Conjurations
 16904 | Lair:2   | Found a staircase to the Snake Pit.
 17342 | Lair:2   | Found a staircase to the Shoals.
 17608 | Lair:3   | Found a gate leading to a gauntlet.
 17617 | Gauntlet | Entered a Gauntlet
 17617 | Gauntlet | Found a transporter.
 17617 | Gauntlet | Found a transporter.
 17618 | Gauntlet | Found a transporter.
 17621 | Gauntlet | Found a transporter.
 17622 | Gauntlet | Found a transporter.
 17623 | Gauntlet | Found a transporter.
 17672 | Gauntlet | Reached XP level 15. HP: 80/80 MP: 27/36
 17713 | Gauntlet | Found a transporter.
 17717 | Gauntlet | Offered knowledge of Bolt of Fire by Vehumet.
 17723 | Gauntlet | Found a transporter.
 17737 | Gauntlet | Found a transporter.
 17747 | Gauntlet | Got a faintly glowing emerald amulet
 17749 | Gauntlet | Identified the amulet of Xom's Wantonness {Inacc Int+6
                  | Dex+3} (You found it in a Gauntlet)
 17756 | Gauntlet | Found a transporter.
 17785 | Gauntlet | Identified the cursed +1 troll leather armour of Lesser
                  | Demons {rPois MR+ Regen+} (You found it in a Gauntlet)
 18077 | Lair:4   | Found a dark tunnel.
 18102 | Volcano  | Entered a volcano
 18204 | Volcano  | Reached skill level 16 in Fire Magic
 18264 | Volcano  | Found a bloodstained altar of Trog.
 18526 | Lair:5   | Found a runed translucent gate.
 18526 | Lair:5   | Found a runed translucent gate.
 18526 | Lair:5   | Found a runed translucent gate.
 18571 | Lair:5   | Killed from afar by an ice dragon

Levels and vault maps discovered:
D:1:      ldierk_walled_garden_2, layout_basic
D:2:      layout_rooms, kennysheep_pointless_box, uniq_natasha, uniq_robin
D:3:      layout_basic, grunt_temple_overflow_lords_of_destruction
D:4:      layout_basic, elyvilon_altar_4, small_statue_intersection,
          lemuel_statue_altar, uniq_grinder, uniq_duvessa
D:5:      layout_loops_ring, nicolae_gozag_seed_capital, first_ration,
          hellmonk_ghost_happy_afterlife, kennysheep_nondescript, uniq_menkaure
D:6:      layout_basic, cheibriados_altar_1, basic_altar, serial_curves,
          eino_curves_01, eino_curves_03, eino_curves_03, eino_curves_02,
          kennysheep_generic_room_14
D:7:      layout_basic, tso_metal_star, minmay_temple_entry_statues_pillars
D:8:      layout_loops_ring, grunt_temple_overflow_diamond,
          ebering_ghost_funeral_grove, basic_altar, serial_glass,
          glass_columns_c, glass_columns_a, uniq_prince_ribbit1, uniq_erica
D:9:      layout_roguey, nicolae_ru_path_of_blood, enter_bailey_2, uniq_harold,
          uniq_psyche
D:10:     layout_loops_ring, orc_0_dummy, serial_shops, shop_statue, uniq_grum,
          uniq_maurice
D:11:     minmay_curly_fans, layout_basic, grunt_lair_entry_orc_guard_hut
D:12:     layout_cave_pods
D:13:     layout_stronghold, serial_shops, shop, grunt_ogre_cave,
          kennysheep_generic_room_16
D:14:     minmay_slanted_spiral_squares, layout_basic,
          grunt_vaults_entry_tiered, kennysheep_decorative_pillar, drop_trap,
          nicolae_dithmenos_through_a_glass_darkly
D:15:     grunt_enter_depths_giant_problem, layout_irregular_city,
          minmay_misc_feat_four_crosses, gammafunk_ghost_smash
Lair:1:   layout_cave_pods, basic_altar, beast_lair_carwin_2, lemuel_fruit_tree,
          infiniplex_staircase_pool, uniq_joseph
Lair:2:   layout_regular_city, minmay_shoals_entry_centaurs,
          guppyfry_snake_entry_island
Lair:3:   layout_long_grid, gauntlet_entry_generic, minmay_lair_oklob_chamber,
          grunt_megastairs_3
Lair:4:   layout_cave_pods, enter_volcano_3, minmay_holes, beast_lair_carwin_11
Lair:5:   layout_regular_city, gammafunk_ghost_icy
Orc:1:    nicolae_orc_accident_2, layout_caves
Orc:2:    st_orc_rangers, layout_caves, uniq_saint_roka, uniq_josephine

Skill      XL: |  1  2  3  4  5  6  7  8  9 10 11 12 13 14 15 |
---------------+----------------------------------------------+-----
Conjurations   | 2 3 4 5 6 8 10 11 12 13 14 15 | 15.2
Fire Magic     | 4 5 6 7 8 10 11 13 14 15 16 | 16.1
Spellcasting   | 4 5 6 7 9 10 11 12 14 15 | 15.9
Evocations     | 2 3 6 7 8 |  8.1
Stealth        | 3 |  3.0
Dodging        | 4 5 7 8 9 |  9.4
Fighting       | 2 3 4 |  4.0
Ice Magic      | 2 |  2.1
Shields        | 4 |  4.1

Action                   |  1- 3 |  4- 6 |  7- 9 | 10-12 | 13-15 || total
-------------------------+-------+-------+-------+-------+-------++-------
Melee: Short sword       |    10 |    12 |    15 |       |       ||    37
       Scimitar          |       |       |       |   101 |    60 ||   161
       Spear             |       |       |       |    14 |       ||    14
 Cast: Flame Tongue      |    71 |   135 |   168 |   169 |   131 ||   674
       Sticky Flame      |       |     4 |    20 |    52 |    53 ||   129
       Conjure Flame     |       |     1 |     7 |    17 |    11 ||    36
       Fireball          |       |       |    17 |   105 |   184 ||   306
       Magic Dart        |       |       |     9 |    14 |    14 ||    37
       Mephitic Cloud    |       |       |       |    11 |     1 ||    12
       Shock             |       |       |       |    27 |    61 ||    88
       Freezing Cloud    |       |       |       |     2 |     2 ||     4
       Orb of Destructio |       |       |       |       |    51 ||    51
       Bolt of Magma     |       |       |       |       |    13 ||    13
       Iskenderun's Batt |       |       |       |       |    18 ||    18
Evoke: Wand              |       |       |     2 |    10 |     2 ||    14
  Use: Potion            |       |     3 |       |     2 |     2 ||     7
       Scroll            |       |     2 |     3 |    16 |    29 ||    50
 Stab: Distracted        |     1 |       |       |       |       ||     1
       Sleeping          |     1 |       |       |     1 |       ||     2
  Eat: Chunk             |       |     7 |    11 |    25 |    23 ||    66
       Ration            |       |       |     1 |     1 |     4 ||     6
Armor: Robe              |     9 |    25 |    20 |    50 |    48 ||   152
       Leather armour    |       |       |       |       |     5 ||     5
Dodge: Dodged            |    30 |    70 |    81 |   116 |   123 ||   420
Block: Buckler           |       |       |       |       |    41 ||    41
       Rpst.: Scimitar   |       |       |       |    43 |    30 ||    73

Table legend:
 A = Non-vault XP
 B = Vault XP
 C = Vault XP percentage of total XP
 D = Non-vault monster count
 E = Vault monster count
 F = Vault count percentage of total count
                 A         B        C        D         E       F
            +---------+---------+-------+---------+---------+-------
      Total |   59476 |   56942 |  48.9 |     543 |     257 |  32.1
            +---------+---------+-------+---------+---------+-------
        D:1 |      34 |      16 |  32.0 |      19 |       5 |  20.8
        D:2 |     137 |      31 |  18.5 |      35 |       9 |  20.5
        D:3 |     100 |       0 |   0.0 |      22 |       0 |   0.0
        D:4 |     468 |     495 |  51.4 |      18 |       3 |  14.3
        D:5 |     616 |     172 |  21.8 |      16 |       1 |   5.9
        D:6 |    1075 |     112 |   9.4 |      29 |       2 |   6.5
        D:7 |    1557 |       0 |   0.0 |      31 |       0 |   0.0
        D:8 |    1413 |    1212 |  46.2 |      22 |       2 |   8.3
        D:9 |    1615 |    1573 |  49.3 |      27 |       3 |  10.0
       D:10 |    2133 |     797 |  27.2 |      32 |       3 |   8.6
       D:11 |    5670 |    3324 |  37.0 |      54 |       9 |  14.3
       D:12 |    3812 |       0 |   0.0 |      25 |       0 |   0.0
       D:13 |    6892 |    1307 |  15.9 |      39 |       2 |   4.9
       D:14 |    7395 |   14874 |  66.8 |      23 |      40 |  63.5
       D:15 |    7425 |    1800 |  19.5 |      24 |       1 |   4.0
     Lair:1 |    4517 |     934 |  17.1 |      19 |       5 |  20.8
     Lair:2 |    3090 |     654 |  17.5 |      16 |       5 |  23.8
     Lair:3 |    3094 |     308 |   9.1 |      16 |       2 |  11.1
     Lair:4 |    1343 |     281 |  17.3 |       3 |       2 |  40.0
     Lair:5 |     518 |      81 |  13.5 |       2 |       1 |  33.3
      Orc:1 |    2072 |    1122 |  35.1 |      18 |       5 |  21.7
      Orc:2 |    4500 |   12866 |  74.1 |      53 |      58 |  52.3
     Bailey |       0 |    6378 | 100.0 |       0 |      69 | 100.0
    Volcano |       0 |    4619 | 100.0 |       0 |      18 | 100.0
   Gauntlet |       0 |    3986 | 100.0 |       0 |      12 | 100.0
            +---------+---------+-------+---------+---------+-------
